 Dungeon Crawl Stone Soup version 0.32-a0-485-g70f7560b1c (webtiles) character file.

Game seed: 7504616208331572593

6176 ezpacito the Trooper (level 10, -2/77 HPs)
             Began as a Demonspawn Chaos Knight on Feb 26, 2024.
             Was a Plaything of Xom.
             Slain by a killer bee (6 damage)
             ... on level 8 of the Dungeon.
             The game lasted 00:12:22 (8330 turns).

ezpacito the Trooper (Demonspawn Chaos Knight)      Turns: 8330, Time: 00:12:22

Health: -2/77      AC: 13    Str: 17    XL:     10   Next: 60%
Magic:  14/15      EV: 11    Int: 12    God:    Xom [*.....]
Gold:   112        SH:  4    Dex: 13    Spells: 4/15 levels left

rFire   + . .        a - +1 hand axe (chaos)
rCold   . . .        (no shield)
rNeg    + . .        c - +2 chain mail {rPois}
rPois   +            d - +0 helmet
rElec   .            (no cloak)
rCorr   .            (gloves unavailable)
SInv    .            (no boots)
Will    +....        (no amulet)
Stlth   +            k - ring of positive energy
HPRegen 0.32/turn    r - ring of protection from fire
MPRegen 0.14/turn

%: clarity
@: on berserk cooldown, enlightened, flying, slowed, very slow
A: claws 3, powered by pain 1, sturdy frame 2, condensation shield, clarity,
mutation resistance 1
a: Renounce Religion


You were on level 8 of the Dungeon.
You worshipped Xom.
You were a special plaything of Xom.
You visited 2 branches of the dungeon, and saw 9 of its levels.
You also visited: Sewer and Ossuary.

You collected 562 gold pieces.
You spent 450 gold pieces at shops.

Inventory:

Hand Weapons
 a - a +1 hand axe of chaos (weapon)
 b - a +0 war axe
 i - the +0 trident "Faotow" {freeze, rC+ MP-9 Stlth+}
   (You bought it in a shop on level 7 of the Dungeon)

   rC+:       It protects you from cold.
   MP-9:      It affects your magic capacity (-9).
   Stlth+:    It makes you more stealthy.
 A - the +4 dagger "Zimik" {flame, rElec rF- Will+ MP+9}
   (You bought it in a shop on level 7 of the Dungeon)

   rF-:       It makes you vulnerable to fire.
   rElec:     It insulates you from electricity.
   Will+:     It increases your willpower.
   MP+9:      It affects your magic capacity (+9).
Missiles
 h - 12 poisoned darts (quivered)
 u - 5 boomerangs
Armour
 c - a +2 chain mail of poison resistance (worn)
 d - a +0 helmet (worn)
 f - a +0 plate armour
Jewellery
 g - a ring of ice
 k - a ring of positive energy (left claw)
 r - a ring of protection from fire (right claw)
Talismans
 e - a flux talisman
 v - a beast talisman
Wands
 x - a wand of quicksilver (11)
Scrolls
 n - 3 scrolls of enchant armour
 y - 2 scrolls of amnesia
 B - a scroll of revelation
 F - a scroll of brand weapon {unknown}
Potions
 l - 2 potions of magic
 m - 5 potions of attraction
 q - a potion of cancellation
 C - a potion of brilliance


   Skills:
 * Level 6.8 Fighting
 * Level 6.2(6.6) Axes
 + Level 3.4(5.3) Polearms
 * Level 5.9 Armour
 * Level 5.5 Dodging
 + Level 3.6 Stealth
 * Level 5.3 Unarmed Combat
 + Level 3.4 Spellcasting
 + Level 2.4 Conjurations
 + Level 3.0 Summonings
 * Level 5.2 Necromancy
 + Level 3.1 Evocations


You had 4 spell levels left.
You knew the following spells:

 Your Spells              Type           Power      Damage    Failure   Level
a - Sublimation of Blood  Necr           14%        N/A       13%         2
b - Summon Hydra          Summ           4%         N/A       100%        7
c - Momentum Strike       Conj/Tloc      10%        3d8       54%         2

Your spell library contained the following spells:

 Spells                   Type           Power      Damage    Failure   Level
 Summon Small Mammal      Summ           36%        N/A       21%         1
 Call Imp                 Summ           18%        N/A       30%         2
 Shock                    Conj/Air       20%        1d4       38%         1
 Call Canine Familiar     Summ           9%         N/A       52%         3
 Blink                    Tloc           4%         N/A       71%         2
 Lesser Beckoning         Tloc           4%         N/A       71%         2
 Swiftness                Air            2%         N/A       91%         3
 Summon Blazeheart Golem  Fire/Summ      5%         N/A       98%         4
 Airstrike                Air            1%         2d(1-17)  100%        4


Dungeon Overview and Level Annotations

Branches:
Dungeon (8/15)             Temple (1/1) D:4           Sewer (visited)
Ossuary (visited)
   Lair: D:8-11

Altars:
Ashenzari
Cheibriados
Dithmenos
Fedhas
Gozag
Hepliaklqana
Kikubaaqudgha
Makhleb
Nemelex Xobeh
Okawaru
Qazlal
Ru
Sif Muna
Trog
Uskayaw
Vehumet
Wu Jian
Xom
Yredelemnul

Shops:
D:3 *   D:6 :   D:7 (


Innate Abilities, Weirdness & Mutations

You have claws for hands.
You sometimes gain a little power by taking damage.
Your movements are less encumbered by armour. (ER -4)
A meltable shield of frost defends you. (SH +4)
You possess an exceptional clarity of mind.
You are somewhat resistant to further mutation.


Message History

* * * LOW HITPOINT WARNING * * *
You completely miss the killer bee.
The killer bee is heavily wounded.
You miss the killer bee.
You feel sick.
The killer bee stings you but does no damage.
You block the killer bee's attack.
The killer bee stings you but does no damage.
The killer bee barely misses you.
The killer bee stings you but does no damage.
The killer bee barely misses you.
The air fills with toxic fumes!
As you read the scroll of poison, it crumbles to dust.
You feel sick. The killer bee closely misses you.
The killer bee barely misses you.
The killer bee stings you but does no damage.
The killer bee barely misses you. You block the killer bee's attack.
The killer bee stings you but does no damage.
As you read the scroll labelled ZEUXZA HOO, it crumbles to dust.
It is a scroll of enchant weapon.
Your +0 hand axe of chaos glows red for a moment.
You feel sick.
You are no longer poisoned.
The killer bee stings you but does no damage.
The killer bee stings you.
* * * LOW HITPOINT WARNING * * *
The killer bee stings you but does no damage. x2
You block the killer bee's attack.
The killer bee stings you but does no damage.
As you read the scroll labelled TUCA RIESYD, it crumbles to dust.
You hear a loud clanging noise!
It was a scroll of noise.
You hear an angry hiss.
You hear a croak.
You hear an angry hiss.
The killer bee misses you. The killer bee closely misses you.
The killer bee stings you but does no damage.
You block the killer bee's attack. The killer bee barely misses you.
The killer bee stings you but does no damage.
Okay, then.
As you read the scroll labelled RAHEIN FACW, it dissolves into smoke.
It was a scroll of fog.
The killer bee stings you.
You die...

##.+.._..#..
§§#.$..$#..
#.##☼#.....#..
###..§§#######..
....#§§§§§§☼§.
...#§§§§§§#
#..#§§§§§§##..
#..#yy§§§§☼§....
###..#@####.##....
#§§§§§§☼§##.# ...
#§#§§#§#§##.##.##
.#§§#§#§##.....#
§§§.#§#.§.....#
§§§§.§§☼.§§....#
#§#§§..§§§..§§..###..
# #§☼..#§#.#§§§......
#........#..#####..


You could see 2 killer bees.

Vanquished Creatures
  3 yaks (D:7)
  Duvessa (D:6)
  Pargi (Sewer)
  An ice beast (D:7)
  2 orc warriors (D:7)
  A sky beast (D:7)
  An ogre (D:4)
  A brain worm (Sewer)
  3 bullfrogs
  6 scorpions
  4 water moccasin zombies (Ossuary)
  A wight (D:7)
  A burial acolyte (Ossuary)
  Dowan (D:6)
  2 killer bees
  A howler monkey (D:5)
  2 bombardier beetles
  An orc priest (D:5)
  2 jellies
  4 hounds
  A spectral scorpion (Ossuary)
  2 sleepcaps (D:6)
  3 iguanas
  6 orc wizards
  A bullfrog simulacrum (Ossuary)
  A crocodile zombie (Ossuary)
  2 mummies (Ossuary)
  8 adders
  A shadow imp (D:7)
  4 ufetubi
  4 adder zombies (Ossuary)
  2 dart slugs
  20 orcs
  8 ball pythons
  5 endoplasms
  3 giant cockroaches
  6 goblins
  5 hobgoblins
  3 jackals (D:3)
  7 kobolds
  4 quokkas
  2 bats
  5 frilled lizards
  11 gnoll zombies (Ossuary)
  3 jackal zombies (Ossuary)
  4 orc zombies (Ossuary)
  3 rats
163 creatures vanquished.

Vanquished Creatures (collateral kills)
  An iguana (D:5)
  An orc wizard (D:5)
  An orc (D:5)
3 creatures vanquished.

Vanquished Creatures (others)
  A jackal (D:3)
  A quokka (D:4)
2 creatures vanquished.

Grand Total: 168 creatures vanquished

Notes
Turn   | Place    | Note
-------+----------+-------------------------------------------
     0 | D:1      | ezpacito the Demonspawn Chaos Knight began the quest for
                  | the Orb.
     0 | D:1      | Reached XP level 1. HP: 18/18 MP: 1/1
   126 | D:1      | Reached skill level 1 in Dodging
   259 | D:1      | XOM: divination: magic mapping
   426 | D:1      | XOM: divination: magic mapping
   434 | D:1      | Found a faded altar of an unknown god.
   434 | D:1      | Noticed a quasit
   567 | D:1      | Gained mutation: Your movements are slightly less
                  | encumbered by armour. (ER -2) [demonic ancestry]
   567 | D:1      | Reached XP level 2. HP: 24/24 MP: 2/2
  1116 | D:2      | XOM is BORED!
  1116 | D:2      | XOM: 1-stop teleportation journey
  1143 | D:2      | XOM: noise
  1242 | D:2      | XOM: enchant monster (bad)
  1251 | D:2      | Gained mutation: A meltable shield of frost defends you.
                  | (SH +4) [demonic ancestry]
  1251 | D:2      | Reached XP level 3. HP: 10/29 MP: 3/3
  1426 | D:2      | XOM: silly message
  1531 | D:2      | Reached skill level 1 in Unarmed Combat
  1628 | D:2      | XOM: cloud trail
  1853 | D:3      | XOM: summons 2 hostile demons
  2100 | D:3      | Found Ypna Zoo's Assorted Antiques.
  2103 | D:3      | Bought 2 scrolls labelled IFECAI NEOTZOU for 52 gold pieces
  2103 | D:3      | Bought a scroll labelled WEGARE NUUC for 26 gold pieces
  2156 | D:3      | Gained mutation: You have sharp fingernails. [demonic
                  | ancestry]
  2156 | D:3      | Reached XP level 4. HP: 35/35 MP: 4/4
  2502 | D:3      | XOM: silly message
  2653 | D:3      | XOM: give mutations
  2653 | D:3      | Gained mutation: You have a pair of small antennae on your
                  | head. [Xom's mischief]
  2653 | D:3      | Gained mutation: Your mind is acute. (Int +4, Str/Dex -1)
                  | [Xom's mischief]
  2851 | D:4      | XOM: swap monsters
  2870 | D:4      | Gained mutation: You have very sharp fingernails. [demonic
                  | ancestry]
  2870 | D:4      | Reached XP level 5. HP: 23/41 MP: 5/5
  2885 | D:4      | XOM: summons 3 hostile shadow creatures
  2888 | D:4      | Noticed an ogre
  2901 | D:4      | Killed an ogre
  2902 | D:4      | Reached skill level 1 in Polearms
  2902 | D:4      | Reached skill level 1 in Stealth
  2945 | D:4      | HP: 2/42 [iguana (12)]
  2948 | D:4      | Gained mutation: Your movements are less encumbered by
                  | armour. (ER -4) [demonic ancestry]
  2948 | D:4      | Reached XP level 6. HP: 3/48 MP: 7/7
  3115 | D:4      | Found a staircase to the Ecumenical Temple.
  3155 | D:4      | Found a glowing drain.
  3164 | Sewer    | Entered a sewer
  3193 | Sewer    | Noticed Pargi
  3202 | Sewer    | Killed Pargi
  3203 | Sewer    | Reached skill level 1 in Spellcasting
  3677 | D:4      | XOM: god gift: short sword {god gift}
  3687 | Temple   | Entered the Ecumenical Temple
  3705 | D:4      | Reached XP level 7. HP: 54/54 MP: 8/8
  3828 | D:4      | XOM: give mutations
  3828 | D:4      | Gained mutation: Your magical capacity is low. (-10% MP)
                  | [Xom's mischief]
  3828 | D:4      | Lost mutation: Your magical capacity is low. (-10% MP)
                  | [Xom's mischief]
  3828 | D:4      | Gained mutation: You occasionally shout uncontrollably at
                  | your foes. [Xom's mischief]
  3828 | D:4      | Lost mutation: You have a pair of small antennae on your
                  | head. [Xom's mischief]
  3911 | D:5      | Entered Level 5 of the Dungeon
  3999 | D:5      | XOM: potion effect (might)
  4006 | D:5      | XOM: scenery: summon butterflies
  4089 | D:5      | XOM: butterfly on damage
  4130 | D:5      | XOM: stat loss: -1 Str (13/14)
  4216 | D:5      | Learned a level 2 spell: Sublimation of Blood
  4224 | D:5      | Learned a level 7 spell: Summon Hydra
  4562 | D:5      | Gained mutation: You sometimes gain a little power by
                  | taking damage. [demonic ancestry]
  4562 | D:5      | Reached XP level 8. HP: 33/61 MP: 10/10
  4608 | D:5      | Reached skill level 1 in Necromancy
  5176 | D:5      | Reached skill level 1 in Evocations
  5392 | D:6      | XOM: summons 5 hostile demons
  5531 | D:6      | XOM: cleaving
  5711 | D:6      | Reached skill level 1 in Summonings
  5745 | D:6      | Noticed Duvessa
  5745 | D:6      | Noticed Dowan
  5745 | D:6      | XOM: 1-stop teleportation journey
  5753 | D:6      | Killed Dowan
  5757 | D:6      | Killed Duvessa
  5853 | D:6      | Found Iregyudu's Vocational Training.
  6210 | D:6      | Found a blossoming altar of Fedhas.
  6381 | D:7      | Noticed Joseph
  6388 | D:7      | Reached skill level 5 in Fighting
  6395 | D:7      | Joseph changed into Joseph the killer bee
  6395 | D:7      | Noticed Joseph
  6395 | D:7      | XOM: polymorph Joseph -> Joseph the killer bee
  6398 | D:7      | Killed Joseph the killer bee
  6461 | D:7      | Found a sand-covered staircase.
  6468 | Ossuary  | Entered an ossuary
  6755 | Ossuary  | Learned a level 2 spell: Momentum Strike
  6943 | D:7      | Gained mutation: You have claws for hands. [demonic
                  | ancestry]
  6943 | D:7      | Reached XP level 9. HP: 68/68 MP: 12/12
  7187 | D:7      | XOM: 2-stop teleportation journey
  7424 | D:7      | Reached skill level 5 in Axes
  7490 | D:7      | XOM: silly message
  7515 | D:7      | XOM: silly message
  7559 | D:7      | Reached skill level 1 in Conjurations
  7780 | D:7      | Found a transporter.
  7782 | D:7      | Found Senomoh's Antique Weapon Boutique.
  7933 | D:7      | Found a transporter.
  8265 | D:7      | Bought a buzzing trident for 204 gold pieces
  8265 | D:7      | Identified the +0 trident "Faotow" {freeze, rC+ MP-9
                  | Stlth+} (You bought it in a shop on level 7 of the Dungeon)
  8265 | D:7      | Bought a crystal dagger for 168 gold pieces
  8265 | D:7      | Identified the +4 dagger "Zimik" {flame, rElec rF- Will+
                  | MP+9} (You bought it in a shop on level 7 of the Dungeon)
  8307 | D:8      | Found a hazy altar of Hepliaklqana.
  8308 | D:8      | XOM: noise
  8315 | D:8      | XOM: confusion
  8316 | D:8      | Lost mutation: Your mind is acute. (Int +4, Str/Dex -1)
                  | [potion of mutation]
  8316 | D:8      | Lost mutation: You occasionally shout uncontrollably at
                  | your foes. [potion of mutation]
  8316 | D:8      | Gained mutation: You possess an exceptional clarity of
                  | mind. [potion of mutation]
  8316 | D:8      | Gained mutation: You are somewhat resistant to further
                  | mutation. [potion of mutation]
  8316 | D:8      | XOM: noise
  8317 | D:8      | XOM: blink monster(s)
  8324 | D:8      | Reached skill level 5 in Armour
  8324 | D:8      | Reached skill level 5 in Dodging
  8324 | D:8      | Reached skill level 5 in Unarmed Combat
  8324 | D:8      | Reached skill level 5 in Necromancy
  8324 | D:8      | Reached XP level 10. HP: 23/77 MP: 13/15
  8328 | D:8      | HP: 3/77 [killer bee (1)]
  8330 | D:8      | Slain by a killer bee

Illustrated notes

Levels and vault maps discovered:
D:1:      roderic_dead_forest, layout_loops_cross, serial_forest,
          infiniplex_forest_straight_5, infiniplex_forest_lined_corner,
          infiniplex_forest_clump_long, infiniplex_forest_split,
          infiniplex_forest_clump_cross, infiniplex_forest_clump_small,
          infiniplex_forest_end_2, infiniplex_forest_lined_room_2,
          dreamdust_ecumenical_altar_sealed_demon
D:2:      layout_basic
D:3:      layout_basic, serial_shops, nicolae_shop_real_fake_doors,
          hex_intersection, hex_tiny, minmay_misc_feat_iff
D:4:      layout_basic, minmay_temple_entry_trees, portal_sewer_entry_d
D:5:      layout_layer_cave
D:6:      layout_gridville, nicolae_overflow_two_pavilions,
          nicolae_shop_vocational, uniq_duvessa
D:7:      layout_loops_corners, serial_shops, nicolae_shop_drivethru,
          nicolae_ossuary_entry_ruins, kennysheep_dice, uniq_joseph
D:8:      layout_basic, amcnicky_altar_gilded, minmay_hollow_rounded_squares
Temple:   compressed_dpeg_triangle_lava_temple

Skill      XL: |  1  2  3  4  5  6  7  8  9 |
---------------+----------------------------+-----
Dodging        | 1 2 3 5 |  5.5
Armour         | 2 3 4 5 |  5.9
Axes           | 3 4 6 |  6.2
Unarmed Combat | 1 2 3 5 |  5.3
Polearms       | 1 2 3 |  3.4
Stealth        | 1 2 3 |  3.6
Spellcasting   | 1 2 3 |  3.4
Fighting       | 4 5 6 |  6.8
Necromancy     | 2 5 |  5.2
Evocations     | 1 3 |  3.1
Summonings     | 1 3 |  3.0
Conjurations   | 2 |  2.4

Action                     |  1- 3 |  4- 6 |  7- 9 | 10-12 || total
---------------------------+-------+-------+-------+-------++-------
  Melee: Hand axe          |   189 |   156 |   512 |     1 ||   858
    Use: Potion            |     4 |     9 |    14 |     1 ||    28
         Scroll            |       |     6 |     5 |     4 ||    15
   Stab: Sleeping          |     1 |       |     2 |       ||     3
         Paralysed         |     1 |     1 |     4 |       ||     6
         Petrified         |     2 |       |    10 |       ||    12
         Invisible         |       |     3 |       |       ||     3
         Confused          |       |     2 |    14 |       ||    16
         Distracted        |       |       |     1 |       ||     1
         Petrifying        |       |       |     3 |       ||     3
         Held in net/web   |       |       |     1 |       ||     1
 Armour: Leather armour    |    82 |    63 |       |       ||   145
         Skin              |       |    41 |       |       ||    41
         Plate armour      |       |    59 |   258 |       ||   317
         Ring mail         |       |       |   123 |       ||   123
         Chain mail        |       |       |    47 |    16 ||    63
  Dodge: Dodged            |    78 |    93 |   291 |    16 ||   478
  Block: Other             |     9 |    20 |    68 |     5 ||   102

Table legend: (Time is in decaauts)
 A = Elapsed time spent in this place.
 B = Non-inter-level travel time spent in this place.
 C = Inter-level travel time spent in this place.
 D = Time resting spent in this place.
 E = Time spent auto-exploring this place.
 F = Levels seen in this place.
 G = Mean time per level.
                   A        B        C        D        E       F      G
               +--------+--------+--------+--------+--------+-----+--------+
         Total |   8407 |   7987 |    420 |    352 |   5920 |  11 |  764.3 |
       Dungeon |   7686 |   7267 |    419 |    352 |   5544 |   8 |  960.8 |
        Temple |      1 |      1 |      0 |      0 |      0 |   1 |    1.0 |
         Sewer |    293 |    293 |      0 |      0 |    177 |   1 |  293.0 |
       Ossuary |    426 |    426 |      0 |      0 |    199 |   1 |  426.0 |
               +--------+--------+--------+--------+--------+-----+--------+

Top non-repeatable levels by time:
     D:7: 1465 daAuts
     D:5: 1430 daAuts
     D:1: 1121 daAuts
     D:6: 1029 daAuts
     D:4: 1029 daAuts
     D:3: 825 daAuts
     D:2: 744 daAuts
 Ossuary: 426 daAuts
   Sewer: 293 daAuts
     D:8: 39 daAuts
  Temple: 1 daAuts
